 Dungeon Crawl Stone Soup version 0.28-a0-655-g4eb62b627b (webtiles) character file.

Game seed: 18001927612553046258

46 ytrimaz the Sneak (level 3, -1/16 HPs)
             Began as a Spriggan Enchanter on Oct 12, 2021.
             Slain by a goblin (4 damage)
             ... led by Robin
             ... on level 2 of the Dungeon.
             The game lasted 00:01:43 (1317 turns).

ytrimaz the Sneak (Spriggan Enchanter)              Turns: 1317, Time: 00:01:44

Health: -1/16      AC:  2    Str:  4    XL:     3   Next: 46%
Magic:  6/8        EV: 17    Int: 17    God:
Gold:   21         SH:  0    Dex: 15    Spells: 4/7 levels left

rFire   . . .      SeeInvis +   a - +1 dagger
rCold   . . .      Faith    .   (shield restricted)
rNeg    . . .      Spirit   .   b - +0 robe
rPois   .          Reflect  .   (helmet restricted)
rElec   .          Harm     .   (no cloak)
rCorr   .          Rampage  .   (gloves unavailable)
Will    .....                   (boots unavailable)
Stlth   +++.......              (no amulet)
HPRegen 0.05/turn               (no ring)
MPRegen 0.11/turn               (no ring)

@: very quick
A: very small, no large weapons, unfitting armour, see invisible, speed 3
a: no special abilities


You were on level 2 of the Dungeon.
You visited 1 branch of the dungeon, and saw 2 of its levels.

You collected 21 gold pieces.

Inventory:

Hand Weapons
 a - a +1 dagger (weapon)
Armour
 b - a +0 robe (worn)
Jewellery
 d - an amulet of the acrobat
Wands
 h - a wand of polymorph (9)
Scrolls
 e - 2 scrolls of identify {unknown}
Potions
 c - a potion of invisibility
 f - a potion of heal wounds {unknown}
 g - a potion of lignification {unknown}


   Skills:
 * Level 2.1 Short Blades
 + Level 3.0 Dodging
 + Level 5.2 Stealth
 + Level 2.9 Spellcasting
 + Level 4.2 Hexes


You had 4 spell levels left.
You knew the following spells:

 Your Spells              Type           Power      Damage    Failure   Level
a - Confusing Touch       Hex            16%        N/A       10%         3

Your spell library contained the following spells:

 Spells                   Type           Power      Damage    Failure   Level
 Tukima's Dance           Hex            16%        N/A       10%         3
 Ensorcelled Hibernation  Hex/Ice        18%        N/A       11%         2
 Animate Skeleton         Necr           4%         N/A       19%         1
 Pain                     Necr           8%         1d4       19%         1
 Dazzling Flash           Conj/Hex       18%        N/A       22%         3
 Vampiric Draining        Necr           1%         2d6       47%         3


Dungeon Overview and Level Annotations

Branches:
Dungeon (2/15)

Altars:

Annotations:
D:2 Robin


Innate Abilities, Weirdness & Mutations

You are very small and have problems with some larger weapons.
You are too small for most types of armour.
You have supernaturally acute eyesight. (SInv)
You cover ground extremely quickly. (Speed+++)


Message History

You barely miss the goblin. The goblin closely misses you.
A goblin comes into view. It is wielding a +0 club.
You hit the goblin but do no damage.
The goblin appears confused.
Robin of the Strong Arm comes into view.
They are wielding a +0 whip.
A goblin and a hobgoblin come into view.
The hobgoblin moves out of view.
You barely miss the goblin.
A hobgoblin comes into view.
Robin throws the goblin at you!
A goblin comes into view. It is wielding a +0 club.
The goblin completely misses you.
A ball python comes into view.
You catch the helpless goblin completely off-guard!
You puncture the goblin!
You kill the goblin!
The goblin misses you. The goblin hits you with a +0 club.
Unknown command.
The hobgoblin shouts!
The ball python hisses angrily.
You hit the goblin but do no damage.
You hear a shout! x3
The goblin hits you with a +0 dagger.
Robin says, "Kneel, worm!"
A goblin comes into view. It is wielding a +0 dagger.
The goblin barely misses you.
The hobgoblin shouts!
You hit the goblin but do no damage.
A kobold comes into view. It is wielding a +0 club.
The goblin hits you with a +0 dagger.
Robin roars a battlecry!
The goblins go into a battle-frenzy!
The goblin hits you with a +0 club.
* * * LOW HITPOINT WARNING * * *
You hit the goblin but do no damage. The goblin closely misses you.
Robin roars a battlecry!
The goblin barely misses you.
Unknown command.
You closely miss the goblin.
A goblin comes into view. It is wielding a +0 dagger.
The goblin hits you with a +0 dagger.
You die...

#.# . .# .. ...######
#### .g##
##......#####... g#.
...###.......... g.
#(#####.####..## .## #.
#.##.......#..##
..K.g#.##.##<#..##......
#gg)@g..#....####..##
###g##...............
#......#.#.........
....#.#.#.##########
###.#...>..# #....)# #
#.#.#..###.....#
..#.#..........#
.#.#....###.....# ..
###..# #.....#


You could see Robin, 2 hobgoblins, 5 goblins and a kobold.

Vanquished Creatures
  Jessica (D:2)
  A dart slug (D:2)
  A bat (D:1)
  4 endoplasms (D:1)
  2 giant cockroaches (D:1)
  4 goblins
  A ball python (D:2)
  3 rats
17 creatures vanquished.

Notes
Turn   | Place    | Note
-------+----------+-------------------------------------------
     0 | D:1      | ytrimaz the Spriggan Enchanter began the quest for the Orb.
     0 | D:1      | Reached XP level 1. HP: 9/9 MP: 5/5
   594 | D:1      | Found Vaudwunn's Book Shop.
   602 | D:1      | Reached XP level 2. HP: 13/13 MP: 6/6
   795 | D:1      | Found a faded altar of an unknown god.
  1222 | D:2      | Noticed Jessica
  1225 | D:2      | Killed Jessica
  1226 | D:2      | Reached skill level 5 in Stealth
  1226 | D:2      | Reached XP level 3. HP: 16/16 MP: 8/8
  1233 | D:2      | Learned a level 3 spell: Confusing Touch
  1310 | D:2      | Noticed Robin
  1317 | D:2      | Slain by a goblin

Illustrated notes

Levels and vault maps discovered:
D:1:      dpeg_arrival_long_road, layout_basic,
          shapermc_ecumenical_altar_ellora, serial_shops, shop_statue
D:2:      layout_loops_cross, uniq_jessica, uniq_robin

Skill      XL: |  1  2 |
---------------+-------+-----
Hexes          | 4 |  4.2
Short Blades   | 2 |  2.1
Dodging        | 3 |  3.0
Stealth        | 5 |  5.2
Spellcasting   | |  2.9

Action                   || total
-------------------------++-------
Melee: Dagger            ||    49
 Cast: Confusing Touch   ||     2
 Stab: Sleeping          ||     8
       Confused          ||     2
Armor: Robe              ||     3
Dodge: Dodged            ||    23

Table legend: (Time is in decaauts)
 A = Elapsed time spent in this place.
 B = Non-inter-level travel time spent in this place.
 C = Inter-level travel time spent in this place.
 D = Time resting spent in this place.
 E = Time spent auto-exploring this place.
 F = Levels seen in this place.
 G = Mean time per level.
                   A        B        C        D        E       F      G
               +--------+--------+--------+--------+--------+-----+--------+
         Total |   1001 |    983 |     18 |      0 |    848 |   2 |  500.5 |
       Dungeon |   1001 |    983 |     18 |      0 |    848 |   2 |  500.5 |
               +--------+--------+--------+--------+--------+-----+--------+

Top non-repeatable levels by time:
     D:1: 904 daAuts
     D:2: 97 daAuts
